 Dungeon Crawl Stone Soup version 0.25.0-1-g7eea58d2a3 (webtiles) character file.

Game seed: 16966663525162144698

18 nihilominus the Magician (level 2, -3/17 HPs)
             Began as an Octopode Wizard on June 15, 2020.
             Slain by a gnoll
             ... wielding a +0 flail
              (13 damage)
             ... on level 3 of the Dungeon.
             The game lasted 00:04:10 (1808 turns).

nihilominus the Magician (Octopode Wizard)          Turns: 1808, Time: 00:04:11

Health: -3/17      AC:  1    Str:  6    XL:     2   Next: 66%
Magic:  6/6        EV: 12    Int: 20    God:
Gold:   40         SH:  5    Dex: 10    Spells: 6/7 levels left

rFire    + . .     SeeInvis .   j - +1 whip
rCold    x . .     Gourm    .   f - +2 buckler
rNeg     . . .     Faith    .   a - +0 hat
rPois    +         Spirit   .   (no amulet)
rElec    .         Reflect  .   e - ring of fire
rCorr    .         Harm     .   k - ring of poison resistance
MR       .....                  (no ring)
Stlth    +++.......             (no ring)
HPRegen  0.05/turn              (no ring)
MPRegen  0.10/turn              (no ring)
                                (no ring)
                                (no ring)

@: no status effects
A: almost no armour, stealthy swim, amphibious, 8 rings, constrict 8, camouflage
1, gelatinous body 1
a: no special abilities


You were on level 3 of the Dungeon.
You were hungry.

You visited 1 branch of the dungeon, and saw 4 of its levels.

You collected 40 gold pieces.

Inventory:

Hand Weapons
 j - a +1 whip (weapon)
Armour
 a - a +0 hat (worn)
 f - a +2 buckler (worn)
Jewellery
 e - a ring of fire (left tentacle)
 k - a ring of poison resistance (right tentacle)
Scrolls
 d - a scroll of enchant weapon
 i - 2 scrolls of identify
Potions
 b - a potion of lignification {unknown}
 g - a potion of brilliance {unknown}
 l - a potion of might {unknown}
Comestibles
 c - 5 rations


   Skills:
 + Level 2.2 Dodging
 + Level 3.1 Stealth
 + Level 3.1 Spellcasting
 * Level 1.7 Conjurations
   Level 1.0 Summonings
   Level 1.0 Translocations


You had 6 spell levels left.
You knew the following spells:

 Your Spells              Type           Power        Failure   Level  Hunger
a - Magic Dart            Conj           ##..         12%         1    None

Your spell library contained the following spells:

 Spells                   Type           Power        Failure   Level  Hunger
 Blink                    Tloc           N/A          24%         2    ##.....
 Call Imp                 Summ           #.......     24%         2    ##.....
 Slow                     Hex            #.......     34%         2    ##.....
 Conjure Flame            Conj/Fire      ##......     43%         3    ###....
 Mephitic Cloud           Conj/Pois/Air  #.......     50%         3    ###....


Dungeon Overview and Level Annotations

Branches:
Dungeon (4/15)
 Temple: D:4-7

Altars:
Makhleb
Okawaru


Innate Abilities, Weirdness & Mutations

You cannot wear most types of armour.
You are very stealthy in the water. (Stealth+)
You are amphibious.
You can wear up to eight rings at the same time.
You can use your tentacles to constrict eight enemies at once.
Your skin changes colour to match your surroundings (Stealth+).
Your rubbery body absorbs attacks. (AC +1, EV +1)


Message History

Things that are here:
a +0 dagger; a +0 ring mail; an orc skeleton
Found an iron altar of Okawaru.
The gnoll shouts!
A gnoll comes into view. It is wielding a +0 spear.
You are feeling hungry.
You see here 5 gold pieces.
A gnoll comes into view. It is wielding a -3 flail.
The gnoll shouts! x2
The gnoll misses you. You block the gnoll's attack.
A goblin comes into view. It is wielding a +0 mace.
The goblin moves out of view.
A dart slug comes into view.
The dart slug launches a dart at you. The slug dart hits you.
The gnoll hits you with a +0 flail. The gnoll hits you with a +0 flail!
Ouch! That really hurt!
You die...

#.##.##...###
#.###.## #.# #.#
##.###.# #.#......#
#.#..#####
#.#..####
#######.......#
#.@.......#...#####
#g######.#_#....>..
#.# #..#..######
#g# #(.$..# #.###
#..#### #g..#####.#
#w....g...#
#......#######
..w....###


You could see 3 gnolls and a dart slug.

Vanquished Creatures
  An orc (D:3)
  A giant cockroach (D:1)
  4 goblins
  A hobgoblin (D:1)
  5 bats (D:1)
  2 frilled lizards
  5 kobolds
19 creatures vanquished.

Notes
Turn   | Place    | Note
-------+----------+-------------------------------------------
     0 | D:1      | nihilominus the Octopode Wizard began the quest for the
                  | Orb.
     0 | D:1      | Reached XP level 1. HP: 11/11 MP: 4/4
   565 | D:1      | Reached XP level 2. HP: 17/17 MP: 1/6
  1478 | D:2      | You fall into a shaft and drop 2 floors!
  1478 | D:4      | Found a burning altar of Makhleb.
  1782 | D:3      | Found an iron altar of Okawaru.
  1808 | D:3      | Slain by a gnoll

Illustrated notes

Levels and vault maps discovered:
D:1:      heliophobic_arrival_dark_side_of_the_moon, layout_basic,
          interstate_on_off, hangedman_abyss_or_decor_stabs,
          kennysheep_small_spiral
D:2:      layout_rooms, skrybe_limestone_x
D:3:      layout_loops_ring, okawaru_metal_pillars_1_2
D:4:      layout_basic, overflow_temple_1_default, first_ration, serial_shops,
          shop, tso_metal_star

Skill      XL: |  1  2 |
---------------+-------+-----
Stealth        | 3 |  3.1
Dodging        | |  2.2
Spellcasting   | |  3.1
Conjurations   | |  1.7
Summonings     | |  1.0
Translocations | |  1.0

Action                   || total
-------------------------++-------
Melee: Unarmed           ||     5
       Constrict         ||     3
       Whip              ||     9
       Tentacles         ||     1
 Cast: Magic Dart        ||    44
  Use: Scroll            ||     4
  Eat: Chunk             ||     2
Dodge: Dodged            ||    15
Block: Buckler           ||     9
